[Event "Paris FIDE GP"]
[Site "Elancourt"]
[Date "2013.09.22"]
[Round "1"]
[White "Ivanchuk, Vassily"]
[Black "Dominguez Perez, Leinier"]
[Result "1/2-1/2"]
[ECO "E14"]
[WhiteElo "2731"]
[BlackElo "2757"]
[Annotator "ChessBase Website"]
[PlyCount "38"]
[EventDate "2013.09.22"]
[EventType "tourn"]
[EventRounds "11"]
[EventCountry "FRA"]
[EventCategory "20"]
[SourceTitle "CBM 157"]
[Source "ChessBase"]
[SourceDate "2013.11.12"]
[SourceVersion "1"]
[SourceVersionDate "2013.11.12"]
[SourceQuality "1"]
[TimeControl "40/7200:20/3600:900+30"]
[WhiteClock "2:00:00"]
[BlackClock "2:00:00"]

1. c4 e6 2. Nc3 d5 3. d4 Nf6 4. Nf3 Nbd7 5. e3 Be7 6. b3 O-O 7. Bb2 b6 8. cxd5 exd5 9. Bd3 Bb7 10. O-O Re8 11. Rc1 Bf8 (11... a6 12. Ne2 Bd6 13. Qc2 Ne4 14. Ng3 Qf6 15.
Ne5 Nxe5 16. dxe5 Bxe5 17. Bxe5 Rxe5 18. Bxe4 dxe4 19. Qxc7 Re7 20. Qc2 g6 21.
Rfd1 Rc8 22. Qd2 Rec7 23. Ne2 a5 24. Rxc7 Rxc7 25. Rc1 Rxc1+ 26. Qxc1 Qd6 27.
h3 Ba6 28. Nd4 h5 29. Qc2 Bd3 30. Qc8+ Kh7 31. Qe8 Kg7 32. h4 Qc7 33. a4 Qc1+
34. Kh2 Qc7+ 35. Kg1 Qc1+ 36. Kh2 Qc7+ 37. g3 Qd6 38. Kg2 Qc7 39. Nc6 Qd6 40.
Nd4 Qc7 41. Nc6 {Arutinian,D (2586)-Almasi,Z (2668) Mainz 2008 1/2-1/2}) 12.
Ne2 (12. Ne5 Nxe5 13. dxe5 Rxe5 14. Nb5 d4 $13) 12... c6 13. Ng3 Bd6 $146 (13... g6
14. Ne5 Nxe5 15. dxe5 Nd7 16. f4 Bc5 17. Qf3 Qe7 18. Kh1 Ba3 19. Bxa3 Qxa3 20.
Qg4 Nc5 21. Bb1 Qb4 22. Nh5 a5 23. Nf6+ Kg7 24. Qh4 Rh8 25. Ng4 Nd7 26. Qh6+
Kg8 27. Bf5 {1-0 (27) Janssen,R (2469)-Van der Wiel,J (2509) Leeuwarden 2002})
14. Re1 g6 15. Nd2 Rc8 16. Rc2 Bf8 17.
Nf3 Bd6 18. Nd2 Bf8 19. Nf3 {[%emt 0:00:08] Ivanchuk obtained nothing from his
Zukertort set-up and in an equal the game players basically agreed to repeat
moves and draw. This entirely circumvents the Sophia rules under which the
tournament is being played. Strong grandmasters can see when a move being
played is an offer for a repetition. It seems crazy to force the players to
play on in what they consider to be an equal position - after all you can't
demand them not to play what they consider to be the "strongest" move, however
it is obvious that this is a giant loophole in the Sophia rules} Bd6 1/2-1/2

[Event "Porto Mannu op 10th"]
[Site "Porto Mannu"]
[Date "2018.06.02"]
[Round "5.2"]
[White "Marin, Mihail"]
[Black "Nevednichy, Vladislav"]
[Result "1-0"]
[ECO "E14"]
[WhiteElo "2544"]
[BlackElo "2525"]
[Annotator "Marin,M"]
[PlyCount "115"]
[EventDate "2018.06.02"]
[EventType "swiss"]
[EventRounds "9"]
[EventCountry "ITA"]
[SourceTitle "CBM 185"]
[Source "ChessBase"]
[SourceDate "2018.07.13"]
[SourceVersion "1"]
[SourceVersionDate "2018.07.13"]
[SourceQuality "1"]
[TimeControl "5400+30"]

1. d4 Nf6 2. Nf3 e6 3. e3 {After the Romanian championship last round game
with Jianu, analysed in this same issue, I was inspired to play this system as
my exclusive weapon in the Sardinia tournament, starting ten days later. My
result was entirely satisfactory: 3 out of 3! I was not put off by the fact
that a few years ago I had lost to Vladik with this same opening.} d5 4. Bd3
Nbd7 5. O-O b6 6. b3 Bb7 7. Bb2 Bd6 8. c4 O-O 9. Nc3 a6 10. Rc1 {My knowledge
about this tabiya was greatly based on the games of Lajos Portisch, as in some
other lines of the 4.e3 Queen's Indian.} Qe7 ({Despite the pleasant memories,
Vladik deviates from our previous game:} 10... Ne4 11. Ne2 Qe7 ({During that
game I mixed up this move with} 11... Qf6 {when, indeed,} 12. Ng3 {is what I
had looked at, mainly based on the following game:} Qh6 13. Ne5 Ndf6 14. Qe2
Qh4 15. cxd5 Bxd5 16. Nxe4 Bxe4 17. Bxe4 Nxe4 18. g3 Qh3 19. f3 Nf6 20. Nc6
Rfe8 21. e4 $16 {Portisch,L (2630)-Franco Ocampos,Z (2505) Mar del Plata 1982 
(1-0, 45)}) 12. cxd5 $6 ({In this specific position I had analysed} 12. Ne5
Rfd8 13. cxd5 exd5 14. Nc6 Bxc6 15. Rxc6 Nf8 16. Ng3 Qd7 17. Rc2 Re8 18. Qf3
Bxg3 19. hxg3 Re6 20. Qg4 $16 {Portisch,L (2625)-Csom,I (2505) Budapest 1984 
(1-0, 31)}) 12... exd5 13. Ng3 f5 {This is the difference! With the queen on
e7 and not on f6, Black can consolidate his knight.} 14. Rc2 Rf6 15. Qe2 c6 16.
Nh4 g6 {Here I understood I was going to lose ground and planned a positional
piece sacrifice.} 17. f4 Re6 18. Bxe4 Qxh4 19. Bxf5 gxf5 20. Nxf5 Qf6 {Marin,M
(2603)-Nevednichy,V (2559) Calimanesti 2015 (0-1, 34). White's initiative
should compensate for the piece (but not more than that). However, I didn't
play optimally and lost.}) 11. Na4 {Abstractly a logical move. The knight's
presence on c3 has induced ...a7-a6 and the time has come to put some pressure
on the slightly weakened b6-square. Besides, the threat c4-c5 is in the air.}
dxc4 ({A good move and anyway better than} 11... Ne4 {when} 12. Ne5 $1 {
causes some problems. Just two days earlier I had faced} Bxe5 ({An older game
of mine went} 12... dxc4 13. Nxc4 Rac8 14. f3 Nef6 15. Nxd6 cxd6 16. Ba3 Nd5
17. Qd2 b5 18. Nc3 Nxc3 19. Rxc3 Rxc3 20. Qxc3 Rc8 21. Qd2 Nf6 22. e4 $14 {
Marin,M (2548)-Franco Ocampos,Z (2502) Benasque 2011 (1-0, 46) and the bishop
pair eventually told.}) 13. dxe5 Nec5 14. Nxc5 ({During my long thought at
this moment I also considered} 14. Ba3 $16 {As we will see, White needs to
refraining from the intermediate exchange on c5, as he needs his knight to
sustain the bishop's return to b2 in the critical line.} dxc4 15. Rxc4 Qg5 16.
Rg4 Qxe5 $2 17. Bb2 $18) 14... Nxc5 15. Bb1 a5 16. cxd5 Bxd5 17. Bd4 Na6 18.
Qh5 g6 19. Qh6 Rfd8 20. e4 $1 {An effective switch to a massive kingside
attack.} Bxb3 21. Be3 Ba4 22. Bg5 Qf8 23. Qh4 Rd4 (23... Rd7 {would defend e7,
but after} 24. Rc3 {White's attack would be very strong anyway. The idea is to
provoke ...h7-h5 with Rh3 and then break with g2-g4. The game move was
intended against this plan.}) 24. Rc3 Nc5 25. Be7 ({The point is that after} 
25. Rh3 h5 26. g4 {Black has} Nxe4 $1) 25... Qg7 26. Bf6 Qf8 27. Be7 Qg7 28.
Bf6 Qf8 29. Rh3 h5 30. Qg5 Bd1 ({During the game I had calculated} 30... Nd7
31. Rxh5 Nxf6 32. exf6 Rad8 33. Qh4 gxh5 34. Qg5+ Kh8 35. Qxh5+ Kg8 36. e5 Rd3
37. Qg4+ Kh8 38. Bxd3 Rxd3 39. Qxa4 $18 {but there are several good
alternatives on move 33.}) 31. f3 $1 Nd7 32. Rxh5 Nxf6 33. exf6 e5 34. Rh3 Qc5
35. Rh8+ $1 {1-0 Marin,M (2544)-Haug,J (2401) Porto Mannu 2018}) 12. bxc4 c5 {
A principled continuation. Black blocks the c4-pawn without fearing the
relative weakness on b6. Here are two examples in which White actually
executed the threat c4-c5.} (12... Ne4 13. c5 bxc5 14. Ne5 Rfd8 15. Nxd7 Rxd7
16. dxc5 Nxc5 17. Nxc5 Bxc5 18. Bxh7+ Kxh7 19. Qh5+ Kg8 20. Qxc5 Qxc5 21. Rxc5
{Portisch,L (2605)-Dautov,R (2625) Ter Apel 1994 CBM 040 [Dautov,R] (½-½, 41)
led to a minimally better ending for White, who later missed some chances.}) (
12... e5 $6 13. c5 e4 14. cxd6 Qxd6 15. Ne5 exd3 16. Nxd3 Rac8 17. f3 $14 {
Marin,M (2550)-Grecescu,G (2423) Brasov 2011 (1-0, 40) and White's centre
prevailed over Black's temporary activity.}) 13. Ne5 Rfd8 {A natural
centralising move, creating some threats along the d-file.} (13... cxd4 {
may be premature.} 14. exd4 Bxe5 (14... b5 15. cxb5 axb5 16. Bxb5 {needs
testing. Black surely has some compensation for the pawn in view of his
control of d5. In the game, my opponent carried out a similar operation under
less favourable circumstances.}) 15. dxe5 Ne4 16. Qe2 Nec5 {Schneider Zinner,H
(2318)-Miniboeck,G (2377) Austria 1999 (0-1, 35)} 17. Nxc5 Nxc5 18. Bc2 $14 {
The knight' stands nicely on c5, but is restricted by the c2-bishop. At the
same time the kingside is under constant pressure and in the endgame the
bishop pair may count.}) 14. Qe2 ({Avoiding the trap} 14. f4 $6 cxd4 15. exd4
b5 16. cxb5 $2 ({A better move is} 16. c5 bxa4 17. cxd6 Qxd6 18. Qxa4 $11)
16... axb5 17. Bxb5 $2 Nxe5 $1) 14... cxd4 ({If Black intends playing ...Ba3,
preparing it with} 14... Rab8 $5 {looks like a beter idea.} 15. f4 cxd4 16.
exd4 Ba3 17. Nxd7 ({White should probably abstain from forcing play with, say,
} 17. Bb1 Bxb2 18. Nxb2 {maintaining some pressure.}) 17... Rxd7 (17... Qxd7 $2
18. Nxb6 Qc6 19. Bxa3 $18) 18. Nxb6 Bxb2 19. Qxb2 Bc6 20. c5 Qd8 21. Rfd1 Nd5
22. Be4 {Stefanova,A (2491)-Hou,Y (2606) Beijing 2012 (½-½, 46)} Ba4 23. Bxd5
Bxd1 24. Qd2 Rxb6 25. cxb6 exd5 26. Qxd1 Qxb6 $11) (14... Rac8 15. f4 Bc7 $6 {
as in Mons,L (2483)-Oparin,G (2609) Barcelona 2017 (½-½, 46) is a bit
passive.} 16. Nc3 $14) 15. exd4 Ba3 16. Nxd7 {Good, but only second best.} ({
For some reasons, the logical} 16. c5 $1 {did not come to my mind.} Bxb2 17.
Qxb2 Nxe5 18. dxe5 Nd5 19. c6 Bxc6 20. Rxc6 Nb4 21. Bxh7+ $1 Kxh7 22. Rd6 Nd5 (
22... Rxd6 23. Qxb4 Rd7 24. Qe4+ $1 $18) 23. Nxb6 $16) 16... Qxd7 (16... Nxd7 {
allows} 17. Bxh7+ Kxh7 18. Qd3+ Kg8 19. Bxa3 Qg5 20. Qh3 b5 21. Nc5 Nxc5 22.
Bxc5 $14) 17. Bxa3 ({I spent a long time on making my choices in this phase,
but underestimated White's resources after} 17. Nxb6 $5 Qc6 18. d5 exd5 19.
Bxf6 $1 ({I overlooked this one, evaluating mainly} 19. cxd5 Qxb6 20. Bxa3 Bxd5
{I was probably right when assuming that Black's activity balances White's
bishop pair.}) 19... dxc4 (19... Bxc1 20. Bxd8 $16 dxc4 21. Be4 $1 Qxe4 22.
Qxe4 Bxe4 23. Nxa8 $18) 20. Be4 Qxf6 21. Nxa8 Bxe4 22. Qxe4 Bxc1 23. Rxc1 Qd6
24. g3 Qb8 25. Rxc4 Qxa8 26. Qxa8 Rxa8 27. a4 $14 {True, the endgame should
end in a draw if Black gives up his pawn and places his rook behind the white
a-pawn.}) 17... Qxa4 18. Bb2 Qc6 19. f3 $14 {The complications are over and
White retains a small but stable plus, due to his mobile centre sustained by
the bishops.} b5 $2 {A thematic but concretely over optimistic pawn sacrifice.}
({Black should have just waited passively.} 19... Rac8 20. Qe3 h6 21. Rfe1 $14)
20. cxb5 Qb6 21. a4 $16 {Black has little or no compensation for the strong
b-pawn.} axb5 22. axb5 Nd5 23. Qd2 h6 24. Ra1 (24. Rfd1 $5) 24... Rab8 (24...
e5 25. Rxa8 Bxa8 26. Ra1 exd4 27. Qf2 Nc7 (27... Ne3 28. Ra4) 28. Bc3 Qc5 29.
Ba5 Rc8 30. Qg3 Ne6 31. Bd2 $16) 25. Rfc1 e5 $6 {This only makes things a bit
worse for Black. When playing my previous move I had found an antidote against
the central break.} 26. Bf1 $1 Nf6 (26... Nf4 27. Qe3 $16) (26... Nc7 27. Qa5
Qxa5 28. Rxa5 $18) (26... Ne7 27. Re1 Ng6 28. Qa5 Qxa5 29. Rxa5 exd4 30. Rd1
$18) 27. Qa5 Qxa5 28. Rxa5 e4 {Trying to prevent the radical b2-bishop
activation.} (28... exd4 29. Rd1 (29. Kf2 $5 Nd5 30. Bxd4 $18) 29... Nd5 30.
Rxd4 Ne3 31. Be2 $18) 29. fxe4 Bxe4 30. Ra7 Nd5 31. Re1 Bf5 32. Ba3 Nc3 33. Re5
Be6 34. Bb4 Nd5 35. Bc5 {White has activated his pieces, but still needs a
concrete plan to make progress.} g5 {This fails to activate the king, as the
seventh rank is denied it due to Rxe6!} 36. g3 Nb6 37. Ra6 Nd5 38. Ra7 Nb6 39.
Re1 Nd5 40. Kf2 Nb6 41. h4 gxh4 42. gxh4 Nd5 43. Re5 Kh8 44. Kf3 Kg8 45. Bc4
Kh8 46. b6 $1 (46. Bxd5 Bxd5+ {leaves the b5-pawn hanging more or less forcing}
47. Rxd5 Rxd5 48. Ke4 Rdd8 49. b6 $16) 46... Kg8 ({Against} 46... Nxb6 {
I had designed} 47. Bxe6 fxe6 48. Rxe6 Nd5 49. Rxh6+ Kg8 50. Rg6+ Kh8 51. Bd6
$18) 47. Bxd5 Bxd5+ 48. Kf4 {The rest is relatively simple, as the far
advanced pawns are too strong.} Bb3 49. Kf5 Kg7 50. Re3 Bc2+ 51. Ke5 Re8+ 52.
Kf4 Rxe3 53. Kxe3 Kf6 54. Kf4 Bb3 55. Rd7 Kg6 (55... Ke6 56. Rd6+ Ke7 57. Rxh6+
) 56. d5 f6 57. b7 Bxd5 58. h5+ $1 (58. h5+ Kxh5 59. Rxd5+ Kg6 60. Rd7 $18) 1-0

[Event "Metz op 31th"]
[Site "Metz"]
[Date "2013.04.23"]
[Round "5"]
[White "Maiorov, Nikita"]
[Black "Svetushkin, Dmitry"]
[Result "1/2-1/2"]
[ECO "E14"]
[WhiteElo "2535"]
[BlackElo "2588"]
[Annotator "Metz Alekhine/Primel,D"]
[PlyCount "51"]
[EventDate "2013.04.20"]
[EventType "swiss"]
[EventRounds "9"]
[EventCountry "FRA"]
[SourceTitle "EXT 2016"]
[Source "ChessBase"]
[SourceDate "2015.10.08"]
[SourceVersion "1"]
[SourceVersionDate "2015.10.08"]
[SourceQuality "1"]
[TimeControl "40/5400:1800+30"]
[WhiteClock "1:30:00"]
[BlackClock "1:30:00"]

1. d4 {01h30} Nf6 2. c4 e6 3. Nf3 d5 4. e3 b6 (4... c6 {Transpose vers une
semi-slave}) 5. Nc3 Bb7 6. cxd5 $1 exd5 7. Bb5+ c6 8. Bd3 {80} Nbd7 9. O-O Bb4
$5 {la préparation des Noirs} (9... Be7 10. b3 O-O 11. Bb2 Bd6 12. Ne2 Re8 13.
Ng3 g6 14. Rc1 a5 15. Qc2 Qe7 16. Rfe1 Ba3 17. Bxa3 Qxa3 18. h4 Qd6 19. h5 Nf8
20. e4 Qf4 21. e5 Ng4 22. hxg6 hxg6 23. Ne2 Qh6 24. g3 c5 25. Kg2 Rac8 26. Qb2
Qg7 27. Nf4 Ne6 28. Nxe6 Rxe6 29. Qd2 Qh6 30. Qxh6 Nxh6 31. Ng5 Re7 32. Rh1 Kg7
33. Rh4 cxd4 34. Rch1 Rh8 35. f4 Rc7 36. e6 f6 37. Nf3 Rc3 38. e7 Bc6 39. Nxd4
{Fressinet,L (2708)-Ivanchuk,V (2731) Elancourt 2013 0-1}) 10. a3 {76} Bd6 (
10... Bxc3 11. bxc3 O-O 12. Qc2 $14 ) 11. e4 dxe4 12. Nxe4 Nxe4
13. Bxe4 {65} O-O 14. Bg5 Be7 15. Bxe7 Qxe7 16. Re1 Qd6 17.
Ne5 $1 Nf6 18. Bf3 Rad8 $132 19. Qa4 a6 20. Qb3 Nd5 21. Nc4 Qb8
22. Re5 b5 23. Na5 Qc7 24. Nxb7 Qxb7 25. Rae1 g6 26. h4 1/2-1/2